 Dungeon Crawl Stone Soup version 0.29.1-2-gbd0b4ee654 (webtiles) character file.

Game seed: 899917996710385261

5490 xian the Skirmisher (level 10, -4/80 HPs)
             Began as a Demonspawn Abyssal Knight on Nov 13, 2022.
             Was a High Priest of Lugonu.
             Slain by Erolcha
             ... wielding a +6 giant club
              (24 damage)
             ... on level 9 of the Dungeon.
             The game lasted 00:23:12 (8972 turns).

xian the Skirmisher (Demonspawn Abyssal Knight)     Turns: 8972, Time: 00:23:12

Health: -4/80      AC: 29    Str: 17    XL:     10   Next: 42%
Magic:  11/11      EV:  8    Int: 16    God:    Lugonu [*****.]
Gold:   469        SH:  0    Dex: 14    Spells: 9/9 levels left

rFire   . . .      SeeInvis .   n - +0 arbalest (venom)
rCold   . . .      Faith    .   (shield currently unavailable)
rNeg    . . .      Spirit   .   u - +0 chain mail
rPois   +          Reflect  .   B - +0 helmet of Decompression {rPois rCorr Int+4 Stlth+}
rElec   .          Harm     .   H - +2 cloak
rCorr   +          Rampage  .   o - +0 pair of gloves
Will    +....                   A - +0 pair of boots
Stlth   ..........              g - amulet of regeneration
HPRegen 1.03/turn               m - ring of wizardry
MPRegen 0.12/turn               c - ring of willpower

@: mighty, sanguine armoured
A: powered by pain 3, sanguine armour 3, weakness stinger 1
a: Renounce Religion, Depart the Abyss, Bend Space, Banish, Corrupt, Enter the
Abyss


You were on level 9 of the Dungeon.
You worshipped Lugonu.
Lugonu was extremely pleased with you.
You visited 1 branch of the dungeon, and saw 9 of its levels.
You visited the Abyss 1 time.
You also visited: Sewer.

You collected 516 gold pieces.
You spent 47 gold pieces at shops.

Inventory:

Hand Weapons
 a - a +2 short sword of venom
 n - a +0 arbalest of venom (weapon)
 C - a +1 arbalest of freezing
Missiles
 f - 2 throwing nets
 v - 19 poisoned darts
Armour
 o - a +0 pair of gloves (worn)
 u - a +0 chain mail (worn)
 A - a +0 pair of boots (worn)
 B - the +0 helmet of Decompression (worn) {rPois rCorr Int+4 Stlth+}
   (You found it on level 7 of the Dungeon)

   Int:       It affects your intelligence (+4).
   rPois:     It protects you from poison.
   rCorr:     It protects you from acid and corrosion.
   Stlth:     It makes you more stealthy.
 H - a +2 cloak (worn)
Jewellery
 c - a ring of willpower (right hand)
 g - an amulet of regeneration (around neck)
 m - a ring of wizardry (left hand)
 t - a ring of willpower
 E - a ring of ice
Wands
 b - a wand of polymorph (8)
 x - a wand of digging (19)
 y - a wand of charming (8)
Scrolls
 d - 2 scrolls of fear
 e - 7 scrolls of teleportation
 h - 3 scrolls of fog
 i - 2 scrolls of amnesia
 j - a scroll of magic mapping
 r - a scroll of poison
 F - a scroll of enchant armour
 G - a scroll of blinking
Potions
 k - 8 potions of curing
 l - 3 potions of resistance
 p - 3 potions of ambrosia
 q - a potion of berserk rage {unknown}
 s - 3 potions of heal wounds
 w - 4 potions of haste {unknown}
 z - a potion of mutation
 D - a potion of might {unknown}


   Skills:
 + Level 7.9 Fighting
 + Level 5.2 Short Blades
 + Level 8.5 Ranged Weapons
 + Level 1.6 Throwing
 + Level 7.2 Armour
 + Level 2.7 Dodging
 + Level 1.0 Stealth
 + Level 0.1 Unarmed Combat
 + Level 2.5 Invocations


You had 9 spell levels left.
You didn't know any spells.
Your spell library contained the following spells:

 Spells                   Type           Power      Damage    Failure   Level
 Beastly Appendage        Tmut           0%         N/A       71%         1
 Sublimation of Blood     Necr           0%         N/A       83%         2
 Wereblood                Tmut           0%         N/A       83%         2
 Call Canine Familiar     Summ           0%         N/A       96%         3
 Ozocubu's Armour         Ice            0%         N/A       96%         3
 Portal Projectile        Hex/Tloc       0%         N/A       96%         3
 Spider Form              Tmut/Pois      0%         N/A       96%         3
 Leda's Liquefaction      Hex/Erth       0%         N/A       100%        4
 Petrify                  Tmut/Erth      0%         N/A       100%        4
 Irradiate                Conj/Tmut      0%         3d11      100%        5
 Metabolic Englaciation   Hex/Ice        0%         N/A       100%        5
 Conjure Ball Lightning   Conj/Air       0%         3x3d6     100%        6
 Simulacrum               Ice/Necr       0%         N/A       100%        6
 Discord                  Hex            0%         N/A       100%        8
 Disjunction              Tloc           0%         N/A       100%        8


Dungeon Overview and Level Annotations

Branches:
Dungeon (9/15)             Temple (0/1) D:7           Sewer (visited)
   Lair: D:8-11         Orc: D:9-12

Altars:
Ashenzari
Cheibriados
Fedhas
Hepliaklqana
Makhleb
Nemelex Xobeh
Ru
Uskayaw
Vehumet
Wu Jian
Xom
Yredelemnul

Shops:
D:1 *?   D:2 =   D:3 [![[?

Annotations:
D:5 2 transporters
D:9 Erolcha


Innate Abilities, Weirdness & Mutations

You are powered by pain.
When seriously injured, your blood forms very thick armour. (AC +12)
You have a small tail.


Message History

The gnoll bouda looks as sick as possible!
The gnoll bouda is heavily wounded.
Your blood armour dries and flakes away.
The gnoll bouda prays to its god.
The gnoll bouda is healed somewhat.
The gnoll hits you but does no damage. The gnoll barely misses you.
The gnoll bouda hits you but does no damage.
The gnoll hits you from afar with a +0 spear!
Your blood congeals into armour.
The gnoll hits you but does no damage.
You shoot a bolt. The bolt hits the gnoll bouda.
The gnoll bouda looks as sick as possible!
The gnoll bouda is heavily wounded.
The gnoll is no longer moving quickly.
The gnoll bouda barks out a call to the hunt!
The gnoll picks up the pace!
Erolcha mumbles some strange words.
Erolcha flickers and vanishes!
Deactivating autopickup; reactivate with Ctrl-A.
The gnoll closely misses you. x2
The gnoll bouda hits you but does no damage.
The gnoll hits you but does no damage. x2
You shoot a bolt.
The bolt closely misses the gnoll bouda.
You kill the gnoll bouda!
Lugonu accepts your kill. The gnoll barely misses you.
The gnoll hits you but does no damage. Something hits you!!
You focus on the pain.
You feel very mighty all of a sudden. The gnoll hits you but does no damage.
The gnoll hits you from afar with a +0 spear.
* * * LOW HITPOINT WARNING * * *
Unknown command.
You clumsily bash something.
The gnoll closely misses you. The gnoll hits you but does no damage.
Something hits you.
* * * LOW HITPOINT WARNING * * *
The gnoll hits you but does no damage.
Unknown command.
You barely miss something. You tail-slap something.
The gnoll hits you but does no damage. x2; Something hits you!!
You die...

#...# #....##...........##
##...#### #...##.............#
.......8# #...##.............#
_....._.# #..##....##....##..#
.......8# #..##....##....##..#
........# #...##....##..##...#
........#####...##....##..##...#
_.._.._8#........##....####...##
8.8.8.8.#####.).@##....# ##...#
######### ###...###### #...##
#....g)g# #...## #...).)...
##...# #........... #...##
#............. ##...#
#.............. #...#
#.....##....##. ##..## ......
....# ##...#


You could see 2 gnolls.

Vanquished Creatures
  Pikel (D:5)
  A troll (D:7)
  A hornet (D:8)
  Sigmund (D:3)
  6 yaks (D:8)
  Menkaure (D:7)
  A water moccasin (D:5)
  2 black bears
  A sky beast (D:7)
  2 orc warriors
  6 centaurs (D:8)
  2 ogres (D:6)
  2 phantoms
  3 kobold brigands
  2 scorpions
  A bullfrog (D:9)
  A necrophage (D:4)
  5 wights (D:9)
  6 killer bees (D:8)
  5 hounds
  4 jellies
  2 gnoll boudas
  3 orc priests
  Ijyb (D:3)
  4 iguanas
  Terence (D:3)
  11 orc wizards
  Robin (D:3)
  7 adders
  6 gnolls
  5 river rats (Sewer)
  2 shadow imps
  2 worms
  5 dart slugs
  29 orcs
  17 ball pythons
  6 endoplasms
  14 goblins
  4 hobgoblins
  4 jackals (D:3)
  27 kobolds
  A quokka (D:1)
  A bat (D:2)
  3 frilled lizards
  21 rats
231 creatures vanquished.

Notes
Turn   | Place    | Note
-------+----------+-------------------------------------------
     0 | Abyss:1  | xian the Demonspawn Abyssal Knight began the quest for the
                  | Orb.
     0 | Abyss:1  | Reached XP level 1. HP: 18/18 MP: 2/2
   118 | Abyss:1  | Noticed a raiju
   120 | Abyss:1  | Noticed an ettin zombie
   124 | Abyss:1  | Noticed an ancient zyme
   136 | D:1      | Escaped the Abyss
   516 | D:1      | Found Marhudoh's Magic Scroll Emporium.
   594 | D:1      | Reached ** piety under Lugonu
   631 | D:1      | Gained mutation: You sometimes gain a little power by
                  | taking damage. [demonic ancestry]
   631 | D:1      | Reached XP level 2. HP: 18/24 MP: 3/3
  1295 | D:1      | Found a burning altar of Makhleb.
  1362 | D:1      | Found Baevukh's Assorted Antiques.
  1518 | D:1      | Found a faded altar of an unknown god.
  1720 | D:1      | Reached skill level 1 in Dodging
  1816 | D:2      | Gained mutation: You sometimes gain power by taking damage.
                  | [demonic ancestry]
  1816 | D:2      | Reached XP level 3. HP: 30/30 MP: 4/4
  1846 | D:2      | Found Zopsy's Jewellery Boutique.
  1939 | D:2      | Found an ornate altar of the Wu Jian Council.
  2328 | D:3      | Found Cytwy's Distillery.
  2328 | D:3      | Found Ruqik's Armour Shoppe.
  2330 | D:3      | Bought a potion of degeneration for 14 gold pieces
  2357 | D:3      | Found a hazy altar of Hepliaklqana.
  2391 | D:3      | Noticed Sigmund
  2522 | D:3      | Killed Sigmund
  2523 | D:3      | Reached skill level 1 in Ranged Weapons
  2523 | D:3      | Reached XP level 4. HP: 32/37 MP: 5/5
  2523 | D:3      | Gained mutation: When seriously injured, your blood forms
                  | armour. (AC +12) [demonic ancestry]
  2523 | D:3      | Reached XP level 5. HP: 36/42 MP: 6/6
  2589 | D:3      | Found Apsyos's Armour Boutique.
  2622 | D:3      | Reached XP level 6. HP: 10/48 MP: 7/7
  2705 | D:3      | Noticed Terence
  2707 | D:3      | Noticed Robin
  2714 | D:3      | Killed Terence
  2723 | D:3      | Killed Robin
  2723 | D:3      | Reached *** piety under Lugonu
  2948 | D:3      | Found a broken altar of Ashenzari.
  2960 | D:3      | Noticed Ijyb
  2971 | D:3      | Killed Ijyb
  2972 | D:3      | Reached skill level 2 in Ranged Weapons
  3010 | D:3      | Found Turas's Magic Scroll Emporium.
  3085 | D:1      | Bought a scroll labelled GETSEQ GUXT for 20 gold pieces
  3117 | D:1      | Bought a scroll of noise for 13 gold pieces
  3223 | D:3      | Found Anub's Antique Armour Emporium.
  3469 | D:4      | Found a sacrificial altar of Ru.
  3529 | D:4      | Found a snail-covered altar of Cheibriados.
  3800 | D:4      | Found a blossoming altar of Fedhas.
  3901 | D:4      | Found a glowing drain.
  3915 | Sewer    | Entered a sewer
  3993 | Sewer    | Reached skill level 3 in Ranged Weapons
  3993 | Sewer    | Gained mutation: When seriously injured, your blood forms
                  | thick armour. (AC +12) [demonic ancestry]
  3993 | Sewer    | Reached XP level 7. HP: 48/55 MP: 8/8
  4148 | Sewer    | Reached skill level 5 in Fighting
  4322 | Sewer    | Reached **** piety under Lugonu
  5032 | D:5      | Entered Level 5 of the Dungeon
  5044 | D:5      | Reached skill level 4 in Ranged Weapons
  5170 | D:5      | Gained mutation: You are powered by pain. [demonic
                  | ancestry]
  5170 | D:5      | Reached XP level 8. HP: 60/63 MP: 9/9
  5412 | D:5      | Found a transporter.
  5441 | D:5      | Found a transporter.
  5505 | D:5      | Noticed Pikel
  5538 | D:5      | Killed Pikel
  5539 | D:5      | Reached skill level 1 in Throwing
  5637 | D:5      | Reached skill level 5 in Armour
  5833 | D:6      | Reached skill level 5 in Ranged Weapons
  6167 | D:6      | Gained mutation: You have a small tail. [demonic ancestry]
  6167 | D:6      | Reached XP level 9. HP: 69/70 MP: 10/10
  6347 | D:6      | Reached skill level 5 in Short Blades
  7132 | D:7      | Noticed a troll
  7142 | D:7      | Killed a troll
  7179 | D:7      | Found a staircase to the Ecumenical Temple.
  7210 | D:7      | Reached skill level 6 in Ranged Weapons
  7238 | D:7      | Noticed Menkaure
  7240 | D:7      | Killed Menkaure
  7452 | D:7      | Identified the +0 helmet of Decompression {rPois rCorr
                  | Int+4 Stlth+}
  7929 | D:8      | Reached skill level 7 in Ranged Weapons
  8119 | D:8      | Gained mutation: When seriously injured, your blood forms
                  | very thick armour. (AC +12) [demonic ancestry]
  8119 | D:8      | Reached XP level 10. HP: 76/79 MP: 11/11
  8122 | D:8      | Paralysed by a hornet for 3 turns
  8198 | D:8      | Reached skill level 8 in Ranged Weapons
  8281 | D:8      | Reached ***** piety under Lugonu
  8410 | D:8      | Found a hide-covered altar of Uskayaw.
  8428 | D:8      | Noticed a +0 short sword
  8429 | D:8      | Noticed a +0 spear
  8429 | D:8      | Noticed a +0 spear
  8430 | D:8      | Noticed a +0 dagger
  8430 | D:8      | Noticed a +0 short sword
  8431 | D:8      | Noticed a +0 falchion
  8431 | D:8      | Noticed a +0 falchion
  8431 | D:8      | Noticed a +0 dagger
  8895 | D:9      | Found a basalt altar of Yredelemnul.
  8898 | D:9      | Found a basalt altar of Yredelemnul.
  8898 | D:9      | Found a sparkling altar of Nemelex Xobeh.
  8900 | D:9      | Found a radiant altar of Vehumet.
  8900 | D:9      | Found a sparkling altar of Nemelex Xobeh.
  8900 | D:9      | Found a shimmering altar of Xom.
  8935 | D:9      | Reached skill level 1 in Stealth
  8964 | D:9      | Noticed Erolcha
  8972 | D:9      | Slain by Erolcha

Illustrated notes

Levels and vault maps discovered:
D:1:      dpeg_arrival_simpleton_a, layout_basic, serial_shops,
          nicolae_diamond_shop, shop_statue,
          hellmonk_ecumenical_altar_heavens_door, minmay_misc_feat_rows,
          st_stairs_4, minmay_hexomino_r4
D:2:      layout_rooms, basic_altar, serial_shops, nicolae_shop_trees,
          dreamdust_wishing_well, item_on_display_a
D:3:      layout_loops_cross, ashenzari_conservatory_becter,
          mainiacjoe_overflow_alcove_1, mainiacjoe_overflow_surrounded_room,
          serial_shops, nicolae_shop_trees, shop, nicolae_shop_waterfront,
          nicolae_shop_hallway_stairs, shop, nrook_uturn, minmay_misc_feat_five,
          uniq_robin, uniq_terence, uniq_ijyb, uniq_sigmund
D:4:      layout_gridville, kennysheep_mini_moat, nicolae_ru_awakened_eye,
          fedhas_altar_fruit_tree, cheibrodos_sewer_entry_bend
D:5:      gammafunk_wand_slinger, layout_loops_cross, dk_vineyard_2, uniq_pikel
D:6:      layout_basic
D:7:      layout_rooms, minmay_temple_entry_statues_fountains, serial_aquarium,
          aquarium_bridge_straight [aquarium_subvault_bridge,
          aquarium_subvault_balcony, aquarium_subvault_bridge,
          aquarium_subvault_wall], aquarium_window_corner, aquarium_window_fake,
          aquarium_window_2, aquarium_view_2d, aquarium_pool_corner,
          minmay_misc_feat_room, nicolae_zen_rock_garden,
          kennysheep_generic_room_7, uniq_menkaure
D:8:      layout_rooms, nicolae_uskayaw_en_pointe, centaur_isle
D:9:      layout_rooms, doesnt_xom_only_xom, nicolae_two_hexagons,
          minmay_radiant, uniq_erolcha

Skill      XL: |  1  2  3  4  5  6  7  8  9 10 |
---------------+-------------------------------+-----
Armour         | 2 3 4 5 6 7 |  7.2
Dodging        | 1 2 |  2.7
Short Blades   | 2 3 4 5 |  5.2
Fighting       | 4 5 6 7 |  7.9
Ranged Weapons | 1 3 4 5 7 8 |  8.5
Throwing       | 1 |  1.6
Stealth        | 1 |  1.0
Unarmed Combat | |  0.1
Invocations    | |  2.5

Action                   |  1- 3 |  4- 6 |  7- 9 | 10-12 || total
-------------------------+-------+-------+-------+-------++-------
Melee: Short sword       |   128 |    48 |   158 |       ||   334
       Punch             |     1 |       |     3 |       ||     4
       Unarmed           |       |     3 |       |       ||     3
       Tailslap          |       |       |     5 |     1 ||     6
       Arbalest          |       |       |       |     2 ||     2
 Fire: Arbalest          |     7 |   113 |   239 |    76 ||   435
Throw: Dart              |       |       |    11 |       ||    11
Invok: Depart the Abyss  |     1 |       |       |       ||     1
  Use: Scroll            |     2 |     5 |     7 |     2 ||    16
Armor: Leather armour    |    34 |    34 |       |       ||    68
       Chain mail        |       |    65 |   298 |    68 ||   431
Dodge: Dodged            |    82 |   100 |   206 |    48 ||   436
